 Dungeon Crawl Stone Soup version 0.31-a0-986-g5e6e4ef867 (webtiles) character file.

Game seed: 9927048764469131333

114 lunkers the Cudgeller (level 5, -9/46 HPs)
             Began as a Meteoran Fighter on Nov 20, 2023.
             Killed from afar by a white imp (12 damage)
             ... with a puff of frost
             ... on level 3 of the Dungeon.
             The game lasted 00:02:27 (1115 turns).

lunkers the Cudgeller (Meteoran Fighter)            Turns: 1115, Time: 00:02:27

Health: -9/46      AC:  6    Str: 17    XL:     5   Next: 43%
Magic:  6/6        EV: 10    Int:  9    God:
Gold:   120        SH:  5    Dex: 16    Spells: 4/4 levels left

rFire   . . .        a - +0 flail
rCold   . . .        c - +0 buckler
rNeg    . . .        b - +0 scale mail
rPois   .            (no helmet)
rElec   .            (no cloak)
rCorr   .            (no gloves)
SInv    .            (no boots)
Will    .....        (no amulet) Stlth
                     m - ring of flight
HPRegen 0.27/turn    (no ring)
MPRegen 0.10/turn

%: no passive effects
@: mighty, flying, glowing
A: sense surroundings 1, otherworldly, glowing, explore regen
a: no special abilities


You were on level 3 of the Dungeon.
You visited 1 branch of the dungeon, and saw 3 of its levels.

You collected 120 gold pieces.

Inventory:

Hand Weapons
 a - a +0 flail (weapon)
Armour
 b - a +0 scale mail (worn)
 c - a +0 buckler (worn)
Jewellery
 m - a ring of flight (left hand)
Talismans
 h - a storm talisman
Scrolls
 e - a scroll of teleportation {unknown}
 f - a scroll of enchant weapon {unknown}
 k - a scroll of amnesia {unknown}
 l - a scroll of identify {unknown}
Potions
 g - 2 potions of degeneration {unknown}
 i - 2 potions of curing {unknown}
 j - a potion of magic {unknown}


   Skills:
 + Level 4.1 Fighting
 * Level 5.1 Maces & Flails
 - Level 3.2 Armour
 + Level 2.1 Dodging
 - Level 3.2 Shields


You had 4 spell levels left.
You didn't know any spells.
Your spell library contained the following spells:

 Spells                   Type           Power      Damage    Failure   Level
 Wereblood                Tmut           0%         N/A       95%         2
 Irradiate                Conj/Tmut      0%         3d11      100%        5


Dungeon Overview and Level Annotations

Branches:
Dungeon (3/15) Zot: 655

Altars:

Shops:
D:2 (


Innate Abilities, Weirdness & Mutations

You passively map a small area around you.
You are easily found by Zot.
You glow in the dark.
You regain HP and MP as you explore.


Message History

You thump the orc!
You kill the orc!
Your Dodging skill increases to level 2!
You closely miss the orc. You block the orc's attack.
The orc completely misses you.
You sock the orc!
You kill the orc!
You closely miss the orc. You block the orc's attack.
You barely miss the orc. The orc hits you with a +0 hand axe.
* * * LOW HITPOINT WARNING * * *
The orc misses you.
You closely miss the orc. The orc hits you with a +0 hand axe.
* * * LOW HITPOINT WARNING * * *
You sock the orc!
You kill the orc!
The gnoll closely misses you.
Items here: $ ( )))))) [[ ††.
You barely miss the gnoll. You block the gnoll's attack.
The orc shouts!
You thump the gnoll!
The gnoll is heavily wounded.
You hear an angry hiss.
You block the gnoll's attack. x2
You thump the gnoll!
You kill the gnoll!
Your Maces & Flails skill increases to level 5!
You hit the orc.
The orc is heavily wounded.
The orc closely misses you. The orc barely misses you.
You sock the orc!
You kill the orc!
You completely miss the white imp. The white imp gestures at you.
The puff of frost hits you.
* * * LOW HITPOINT WARNING * * *
You barely miss the white imp. The white imp barely misses you.
You completely miss the white imp. You block the white imp's attack.
The white imp gestures at you. The puff of frost hits you!
You die...

....5.####
.## * ,
#####...###.#
* , * , *
#o.g..#.# , ,
##.##...# * *
#.o#g.#### *
, ##..o....##
, * ,,
####.##.$# ,
, ,
#..###o#####
,* * ,....#
#o5@..# ,
#..#=#
#####...<...
, * #..#..
.#..... ,
#..##. *
##,.... #.,,
. , ,... , *
, * ,,.. , ,
#* , ,


You could see a white imp and 2 orcs.

Vanquished Creatures
  3 gnolls (D:3)
  3 adders
  A worm (D:2)
  A dart slug (D:1)
  5 orcs (D:3)
  5 endoplasms
  5 goblins
  5 hobgoblins
  3 quokkas
  5 ball pythons
  A bat (D:2)
  2 frilled lizards (D:2)
  4 kobolds
  3 rats
46 creatures vanquished.

Notes
Turn   | Place    | Note
-------+----------+-------------------------------------------
     0 | D:1      | lunkers the Meteoran Fighter began the quest for the Orb.
     0 | D:1      | Reached XP level 1. HP: 19/19 MP: 2/2
   123 | D:1      | Reached skill level 3 in Maces & Flails
   123 | D:1      | Reached XP level 2. HP: 26/26 MP: 3/3
   359 | D:1      | Reached XP level 3. HP: 31/31 MP: 4/4
   426 | D:2      | Reached skill level 1 in Dodging
   698 | D:2      | Found Wiateck's Antique Weapon Emporium.
   740 | D:2      | Reached skill level 4 in Maces & Flails
   754 | D:2      | Reached XP level 4. HP: 18/40 MP: 5/5
  1087 | D:3      | Reached XP level 5. HP: 8/46 MP: 6/6
  1111 | D:3      | Reached skill level 5 in Maces & Flails
  1113 | D:3      | HP: 2/46 [white imp/puff of frost (4)]
  1115 | D:3      | Killed from afar by a white imp

Illustrated notes

Levels and vault maps discovered:
D:1:      mushboom_english_gardens, layout_basic, hangedman_decor_opposing
D:2:      minmay_chambers_of_ones, layout_basic, serial_shops,
          nicolae_shop_real_fake_doors, hangedman_decor_lopped,
          amcnicky_mini_rare_corridor_liquid, minmay_tripent
D:3:      layout_rooms, gammafunk_ghost_stat_death

Skill      XL: |  1  2  3  4  5 |
---------------+----------------+-----
Maces & Flails | 3 4 5 |  5.1
Dodging        | 1 2 |  2.1
Fighting       | 4 |  4.1
Armour         | |  3.2
Shields        | |  3.2

Action                     |  1- 3 |  4- 6 || total
---------------------------+-------+-------++-------
  Melee: Flail             |    62 |    63 ||   125
    Use: Potion            |       |     1 ||     1
 Armour: Scale mail        |    33 |    36 ||    69
  Dodge: Dodged            |    22 |    30 ||    52
  Block: Buckler           |    12 |    27 ||    39

Table legend: (Time is in decaauts)
 A = Elapsed time spent in this place.
 B = Non-inter-level travel time spent in this place.
 C = Inter-level travel time spent in this place.
 D = Time resting spent in this place.
 E = Time spent auto-exploring this place.
 F = Levels seen in this place.
 G = Mean time per level.
                   A        B        C        D        E       F      G
               +--------+--------+--------+--------+--------+-----+--------+
         Total |   1143 |   1143 |      0 |      0 |    808 |   3 |  381.0 |
       Dungeon |   1143 |   1143 |      0 |      0 |    808 |   3 |  381.0 |
               +--------+--------+--------+--------+--------+-----+--------+

Top non-repeatable levels by time:
     D:2: 600 daAuts
     D:1: 430 daAuts
     D:3: 112 daAuts
